 Dungeon Crawl Stone Soup version 0.28.0-53-g5a82cb258f (webtiles) character file.

Game seed: 10210121164160859878

366 styxcanada the Covert (level 6, -1/30 HPs)
             Began as a Spriggan Brigand on Aug 10, 2022.
             Killed from afar by an orc wizard (3 damage)
             ... with a magic dart
             ... on level 4 of the Dungeon on Aug 11, 2022.
             The game lasted 00:20:39 (4648 turns).

styxcanada the Covert (Spriggan Brigand)            Turns: 4648, Time: 00:20:43

Health: -1/30      AC:  3    Str:  7    XL:     6   Next: 40%
Magic:  9/9        EV: 18    Int: 18    God:
Gold:   165        SH:  0    Dex: 19    Spells: 3/8 levels left

rFire   . . .      SeeInvis +   m - +4 dagger (venom)
rCold   . . .      Faith    .   (no shield)
rNeg    . . .      Spirit   .   b - +0 robe
rPois   .          Reflect  .   (helmet restricted)
rElec   .          Harm     .   c - +0 cloak
rCorr   +          Rampage  .   (gloves unavailable)
Will    +....                   (boots unavailable)
Stlth   ++........              n - amulet of the acrobat
HPRegen 0.10/turn               l - +6 ring of intelligence
MPRegen 0.11/turn               o - ring of resist corrosion

@: confused, ambrosia-drunk, very quick
A: very small, no large weapons, unfitting armour, see invisible, speed 3
a: no special abilities


You were on level 4 of the Dungeon.
You visited 1 branch of the dungeon, and saw 4 of its levels.

You collected 165 gold pieces.

Inventory:

Hand Weapons
 a - a +2 dagger
 m - a +4 dagger of venom (weapon)
Missiles
 d - 15 poisoned darts (quivered)
 e - 2 curare-tipped darts
 f - 72 stones
Armour
 b - a +0 robe (worn)
 c - a +0 cloak (worn)
Jewellery
 l - a +6 ring of intelligence (left hand)
 n - an amulet of the acrobat (around neck)
 o - a ring of resist corrosion (right hand)
Wands
 i - a wand of charming (9)
Scrolls
 r - a scroll of immolation
 v - a scroll of enchant weapon
Potions
 g - a potion of ambrosia
 h - a potion of heal wounds {unknown}
 j - 2 potions of resistance {unknown}
 k - 2 potions of curing {unknown}
 p - a potion of attraction {unknown}
 q - a potion of haste {unknown}
 s - 2 potions of brilliance {unknown}
 t - a potion of flight {unknown}
 u - a potion of lignification {unknown}


   Skills:
 * Level 2.2 Fighting
 + Level 2.9 Short Blades
 + Level 2.2 Throwing
 * Level 3.3 Dodging
 * Level 8.4 Stealth
 * Level 1.7 Spellcasting
 * Level 1.2 Hexes
 * Level 2.0 Transmutations
 * Level 0.6 Ice Magic
 * Level 0.8 Air Magic
 * Level 1.1 Poison Magic


You had 3 spell levels left.
You knew the following spells:

 Your Spells              Type           Power      Damage    Failure   Level
a - Sting                 Tmut/Pois      28%        1d4       10%         1
b - Ensorcelled Hibernat  Hex/Ice        8%         N/A       19%         2
c - Poisonous Vapours     Pois/Air       10%        N/A       19%         2

Your spell library contained the following spells:

 Spells                   Type           Power      Damage    Failure   Level
 Passwall                 Tmut/Erth      4%         N/A       19%         2
 Static Discharge         Conj/Air       3%         N/A       24%         2
 Ignite Poison            Fire/Tmut/Pois 5%         N/A       34%         3
 Swiftness                Air            4%         N/A       36%         3
 Mephitic Cloud           Conj/Pois/Air  3%         N/A       38%         3
 Olgreb's Toxic Radiance  Pois           5%         N/A       75%         4
 Dispel Undead            Necr           1%         3d6       88%         4
 Sticky Flame             Conj/Fire      1%         2d3       88%         4
 Freezing Cloud           Conj/Ice/Air   1%         6-21      99%         5


Dungeon Overview and Level Annotations

Branches:
Dungeon (4/15)
 Temple: D:4-7

Altars:

Shops:
D:4 [


Innate Abilities, Weirdness & Mutations

You are very small and have problems with some larger weapons.
You are too small for most types of armour.
You have supernaturally acute eyesight. (SInv)
You cover ground extremely quickly. (Speed+++)


Message History

The sting misses the orc wizard.
You closely miss the orc.
The orc is lightly wounded.
The orc priest looks braver for a moment.
You hit the orc but do no damage.
The orc looks even sicker.
The orc is lightly wounded.
The orc misses you.
You hit the orc wizard.
The orc wizard is lightly wounded.
You kill the orc!
You barely miss the orc priest. The orc wizard casts a spell at you.
You are confused.
You bump into the rock wall.
The orc priest hits you but does no damage.
The orc wizard hits you but does no damage.
Unknown command.
You closely miss the orc wizard.
The orc wizard is lightly wounded.
The orc priest casts a cantrip, but nothing happens.
The orc wizard gestures wildly while chanting.
The orc wizard flickers and vanishes for a moment.
You barely miss the orc wizard.
The orc wizard is lightly wounded.
The orc priest invokes the aid of Beogh against you.
Beogh smites you!
* * * LOW HITPOINT WARNING * * *
The orc wizard barely misses you.
You are more confused.
You feel invigorated.
The orc priest casts a cantrip, but nothing happens.
The orc wizard hits you with a +0 dagger.
* * * LOW HITPOINT WARNING * * *
You bump into the rock wall.
The orc priest calls down the wrath of Beogh upon you.
Beogh smites you!
* * * LOW HITPOINT WARNING * * *
The orc wizard casts a spell at you. The magic dart hits you.
You die...

#######################
##..........(...........
..>...oo.).(............
...###@########.....##.
#.##.....#.....##.
#.)'.....#oo...##.
####.....#oo...#..
###.#.##.....#..
...#.########.#
###.#.##.......#
#............#
#...##......##


You could see an orc priest and an orc wizard (invisible).

Vanquished Creatures
  A necrophage (D:4)
  A hound (D:4)
  An iguana (D:3)
  Terence (D:3)
  Robin (D:2)
  A gnoll (D:1)
  6 adders
  A worm (D:1)
  6 dart slugs
  3 orcs (D:4)
  10 ball pythons
  6 bats
  11 endoplasms
  5 giant cockroaches
  12 goblins
  13 hobgoblins
  4 jackals
  A quokka (D:1)
  6 frilled lizards
  7 kobolds
  7 rats
104 creatures vanquished.

Vanquished Creatures (others)
  3 fungi (D:1)
  6 plants (D:1)
9 creatures vanquished.

Grand Total: 113 creatures vanquished

Notes
Turn   | Place    | Note
-------+----------+-------------------------------------------
     0 | D:1      | styxcanada the Spriggan Brigand began the quest for the
                  | Orb.
     0 | D:1      | Reached XP level 1. HP: 10/10 MP: 2/2
     0 | D:1      | Noticed a jelly
     1 | D:1      | Found a runed translucent door.
    82 | D:1      | Reached skill level 6 in Stealth
   251 | D:1      | Reached XP level 2. HP: 14/14 MP: 3/3
   522 | D:1      | Found a faded altar of an unknown god.
   588 | D:1      | Reached XP level 3. HP: 2/18 MP: 4/4
  1491 | D:1      | Learned a level 1 spell: Sting
  1541 | D:1      | Reached skill level 7 in Stealth
  1619 | D:1      | Reached skill level 1 in Spellcasting
  2315 | D:2      | Reached XP level 4. HP: 15/23 MP: 6/6
  2735 | D:2      | Noticed Robin
  2752 | D:2      | Reached skill level 1 in Transmutations
  3155 | D:2      | Killed Robin
  3220 | D:2      | Learned a level 2 spell: Ensorcelled Hibernation
  3223 | D:2      | Learned a level 2 spell: Poisonous Vapours
  3485 | D:3      | Reached XP level 5. HP: 26/26 MP: 7/7
  3596 | D:3      | Noticed Terence
  3603 | D:3      | Killed Terence
  3724 | D:3      | Reached skill level 8 in Stealth
  4238 | D:4      | Found Ifihan's Antique Armour Boutique.
  4241 | D:4      | Noticed a necrophage
  4280 | D:4      | Killed a necrophage
  4281 | D:4      | Reached skill level 1 in Hexes
  4281 | D:4      | Reached skill level 1 in Poison Magic
  4281 | D:4      | Reached XP level 6. HP: 22/30 MP: 3/9
  4648 | D:4      | Killed from afar by an orc wizard

Illustrated notes

Levels and vault maps discovered:
D:1:      dpeg_arrival_caged_fury, layout_basic,
          shapermc_ecumenical_altar_mp_urbaneastern
D:2:      kb_forest_paths, layout_rooms, kennysheep_generic_room_16, uniq_robin
D:3:      layout_loops_cross, minmay_snake_closets, uniq_terence
D:4:      layout_basic, serial_shops, nicolae_shop_trees, grunt_ministairs_7

Skill      XL: |  1  2  3  4  5  6 |
---------------+-------------------+-----
Stealth        | 6 7 8 |  8.4
Dodging        | 2 3 |  3.3
Fighting       | 2 |  2.2
Spellcasting   | 1 |  1.7
Transmutations | 1 2 |  2.0
Hexes          | 1 |  1.2
Poison Magic   | 1 |  1.1
Short Blades   | |  2.9
Throwing       | |  2.2
Ice Magic      | |  0.6
Air Magic      | |  0.8

Action                   |  1- 3 |  4- 6 || total
-------------------------+-------+-------++-------
Melee: Dagger            |   122 |   121 ||   243
       Punch             |     3 |     2 ||     5
Throw: Dart              |    18 |    20 ||    38
 Cast: Sting             |       |    14 ||    14
  Use: Scroll            |       |     7 ||     7
       Potion            |       |     1 ||     1
 Stab: Sleeping          |    19 |    22 ||    41
Armor: Robe              |     6 |    13 ||    19
Dodge: Dodged            |    63 |    85 ||   148
